 Dungeon Crawl Stone Soup version 0.23.2-1-ga50397a (webtiles) character file.

Game seed: 8560559247155017974

696 XPEneeg3 the Skirmisher (level 7, -6/62 HPs)
             Began as a Hill Orc Fighter on May 5, 2019.
             Hit by a large rock thrown by a cyclops (38 damage)
             ... on level 6 of the Dungeon.
             The game lasted 00:21:31 (4352 turns).

XPEneeg3 the Skirmisher (Hill Orc Fighter)          Turns: 4352, Time: 00:21:33

Health: -6/62      AC:  8    Str: 21    XL:     7   Next: 64%
Magic:  16/16      EV:  8    Int:  8    God:
Gold:   183        SH: 11    Dex: 10    Spells: 6/6 levels left

rFire    + . .     SeeInvis .   a - +0 war axe
rCold    x . .     Gourm    .   c - +1 shield
rNeg     . . .     Faith    .   b - +0 scale mail
rPois    .         Spirit   .   (no helmet)
rElec    .         Reflect  .   (no cloak)
rCorr    .         Harm     .   (no gloves)
MR       .....                  z - +0 pair of boots
Stlth    ..........             (no amulet)
HPRegen  0.20/turn              h - ring of fire
MPRegen  0.15/turn              F - ring of magical power

@: no status effects
A: no striking features
a: no special abilities


You were on level 6 of the Dungeon.
You were not hungry.

You visited 1 branch of the dungeon, and saw 7 of its levels.

You collected 183 gold pieces.

Inventory:

Hand Weapons
 a - a +0 war axe (weapon)
 C - a +2 short sword of holy wrath
Missiles
 t - 193 stones
 u - 4 tomahawks
 y - 4 exploding tomahawks (quivered)
 A - 24 poisoned needles
Armour
 b - a +0 scale mail (worn)
 c - a +1 shield (worn)
 z - a +0 pair of boots (worn)
 D - a +0 pair of boots
Jewellery
 h - a ring of fire (left hand)
 F - a ring of magical power (right hand)
Wands
 m - a wand of flame (9)
 v - a wand of acid (7)
 E - a wand of disintegration (14)
Scrolls
 e - 4 scrolls of amnesia {unknown}
 g - a scroll of fear
 j - 2 scrolls of identify
 k - 3 scrolls of teleportation
 n - a scroll of noise {unknown}
 o - a scroll of enchant armour
 p - 2 scrolls of enchant weapon {unknown}
 r - a scroll of remove curse
Potions
 d - a potion of might
 i - a potion of degeneration {unknown}
 l - a potion of agility {unknown}
 q - 2 potions of brilliance
 s - a potion of haste {unknown}
 w - a potion of invisibility {unknown}
 x - a potion of lignification {unknown}
Comestibles
 f - 12 rations


   Skills:
 * Level 5.7 Fighting
 * Level 5.4 Axes
 + Level 1.5 Throwing
 * Level 5.1 Armour
 + Level 1.7 Dodging
 * Level 5.3 Shields


You had 6 spell levels left.
You didn't know any spells.
Your spell library was empty.

Dungeon Overview and Level Annotations

Branches:
Dungeon (7/15)
 Temple: D:4-7

Altars:
Ashenzari
Makhleb
Okawaru
Trog

Shops:
D:5 [


Message History

The cyclops throws a large rock.
The large rock hits you but does no damage.
You block the centaur's attack.
The centaur wields a +0 shortbow.
The centaur shoots an arrow.
The arrow hits you.
The cyclops throws a large rock.
You block the large rock.
There is a stone staircase leading up, spattered with blood here.
Things that are here:
an arrow; 2 large rocks The centaur unwields a +0 shortbow.
The centaur hits you. The cyclops hits you!!
The centaur wields a +0 shortbow.
The centaur shoots an arrow.
You block the arrow.
There is a stone staircase leading up, spattered with blood here.
Things that are here:
2 arrows; 2 large rocks Unknown command.
The centaur shoots an arrow.
The arrow closely misses you.
The cyclops throws a large rock.
The large rock hits you!!!
Ouch! That really hurt!
You die...

............####....# ..
.............##...#.#...
#............†...##...?.
..#..........##..#.....#
#...........###.....##.##
....##.......##..#..#...#
#..###.......##(.##.....#
.... #......≈..(.........
... #...###.>..@........
... #.### #.............
.. ...# #...##Cc...##.
....## ......###.####
.... ...#...# .# ....
......### #. ....... #.
.###... .# #


You could see a cyclops and a centaur.

Vanquished Creatures
  A hungry ghost (D:5)
  An ice beast (D:5)
  2 scorpions (D:6)
  A water moccasin skeleton (D:5)
  2 orc wizards
  3 worker ants (D:5)
  A hound skeleton (D:5)
  4 gnolls (D:5)
  5 adders
  A shadow imp (D:5)
  2 worms (D:3)
  3 leopard geckos
  13 orcs
  3 bat skeletons (D:2)
  A giant cockroach (D:5)
  6 goblins
  6 hobgoblins (D:1)
  4 jackals (D:3)
  A quokka (D:5)
  A ball python (D:2)
  A ball python skeleton (D:2)
  7 bats
  4 frilled lizards
  A jackal skeleton (D:6)
  5 kobolds
  11 rats
90 creatures vanquished.

Notes
Turn   | Place    | Note
-------+----------+-------------------------------------------
     0 | D:1      | XPEneeg3 the Hill Orc Fighter began the quest for the Orb.
     0 | D:1      | Reached XP level 1. HP: 19/19 MP: 1/1
   142 | D:1      | Reached XP level 2. HP: 25/27 MP: 2/2
   696 | D:2      | Reached XP level 3. HP: 33/33 MP: 3/3
  1244 | D:2      | Reached XP level 4. HP: 38/40 MP: 4/4
  1734 | D:3      | Found a shattered altar of Ashenzari.
  1774 | D:3      | Found a burning altar of Makhleb.
  1774 | D:3      | Found an iron altar of Okawaru.
  2252 | D:3      | Reached XP level 5. HP: 46/47 MP: 5/5
  2391 | D:3      | Found a bloodstained altar of Trog.
  2661 | D:5      | Entered Level 5 of the Dungeon
  2665 | D:5      | Noticed an ice beast
  2686 | D:5      | Killed an ice beast
  2686 | D:5      | Reached skill level 1 in Dodging
  2713 | D:5      | Reached XP level 6. HP: 50/55 MP: 6/6
  2748 | D:5      | Found Plog's Antique Armour Boutique.
  3112 | D:5      | Reached skill level 5 in Fighting
  3112 | D:5      | Reached skill level 1 in Throwing
  3400 | D:5      | Noticed a hungry ghost
  3442 | D:5      | Killed a hungry ghost
  3442 | D:5      | Reached skill level 5 in Axes
  3442 | D:5      | Reached skill level 5 in Shields
  3442 | D:5      | Reached XP level 7. HP: 56/61 MP: 7/7
  3543 | D:5      | Reached skill level 5 in Armour
  4027 | D:7      | Noticed a hippogriff
  4036 | D:6      | Noticed a cyclops
  4352 | D:6      | Hit by a large rock thrown by a cyclops

Skill      XL: |  1  2  3  4  5  6  7 |
---------------+----------------------+-----
Axes           | 3 4 5 |  5.4
Fighting       | 4 5 |  5.7
Armour         | 4 5 |  5.1
Shields        | 4 5 |  5.3
Dodging        | 1 |  1.7
Throwing       | 1 |  1.5

Action                   |  1- 3 |  4- 6 |  7- 9 || total
-------------------------+-------+-------+-------++-------
Melee: War axe           |   118 |   204 |    71 ||   393
Throw: Tomahawk          |       |     8 |     3 ||    11
Evoke: Wand              |       |    13 |     2 ||    15
  Use: Potion            |       |     5 |     1 ||     6
       Scroll            |       |     4 |     1 ||     5
  Eat: Chunk             |     1 |    12 |     3 ||    16
       Ration            |       |     2 |     1 ||     3
Armor: Scale mail        |    72 |    92 |    30 ||   194
Dodge: Dodged            |    49 |    53 |    26 ||   128
Block: Shield            |    71 |    91 |    38 ||   200
